 Dungeon Sprint DCSS version 0.30-a0-799-g109b55a442 (webtiles) character file.

Game seed: 9037748450576169621

35 BigDaddyOpFi the Chopper (level 3, -1/36 HPs)
             Began as a Hill Orc Berserker on Feb 20, 2023.
             Was a Follower of Trog.
             Slain by a scorpion (7 damage)
             ... in the Dungeon (Sprint IV: "Fedhas' Mad Dash").
             The game lasted 00:00:27 (235 turns).

BigDaddyOpFi the Chopper (Hill Orc Berserker)        Turns: 235, Time: 00:00:28

Health: -1/36      AC:  2    Str: 21    XL:     3   Next: 33%
Magic:  3/3        EV: 12    Int:  7    God:    Trog [*.....]
Gold:   4          SH:  0    Dex: 10    Spells: 2/2 levels left

rFire   . . .      SeeInvis .    a - +0 hand axe
rCold   . . .      Faith    .    (no shield)
rNeg    . . .      Spirit   .    b - +0 animal skin
rPois   .          Reflect  .    (no helmet)
rElec   .          Harm     .    (no cloak)
rCorr   .          Rampage  .    (no gloves)
Will    ++...      NoTele   +    (no boots)
Stlth   +                        (no amulet)
HPRegen 1.26/turn                (no ring)
MPRegen 0.08/turn                (no ring)

@: strong-willed (expiring), regenerating (expiring)
A: no striking features
a: Renounce Religion, Berserk


You were in the Dungeon.
You worshipped Trog.
Trog was aware of your devotion.
You visited 1 branch You collected 4 gold pieces.

Inventory:

Hand Weapons
 a - a +0 hand axe (weapon)
Armour
 b - a +0 animal skin (worn)
Scrolls
 h - a scroll of blinking
Potions
 e - a potion of haste
 f - 2 potions of magic
 g - a potion of berserk rage


   Skills:
 + Level 5.2 Fighting
 + Level 5.7 Axes
 + Level 4.0 Armour
 + Level 3.0 Dodging


You had 2 spell levels left.
You didn't know any spells.
Your spell library was empty.

Dungeon Overview and Level Annotations

Branches:
Dungeon (1/1)

Altars:


Message History

* * * LOW HITPOINT WARNING * * *
You are more poisoned.
The scorpion poisons you!
You feel better. The scorpion stings you.
You are poisoned.
The scorpion poisons you!
Okay, then.
Your skin crawls.
You feel strong-willed.
You can no longer call upon Trog for regeneration and willpower.
You feel sick. The scorpion barely misses you.
The scorpion stings you but does no damage.
Okay, then.
Okay, then.
Okay, then.
You hit the scorpion.
The scorpion is moderately wounded.
You feel sick. The scorpion misses you.
You hit the scorpion but do no damage.
The scorpion is moderately wounded.
You feel sick. The scorpion stings you.
You hit the scorpion.
The scorpion is moderately wounded.
You feel sick. The scorpion barely misses you.
You hit the scorpion but do no damage.
The scorpion is moderately wounded.
You recover from your berserk rage.
You feel the effects of Trog's Hand fading.
You feel sick.
The scorpion stings you but does no damage.
You slash the scorpion!
The scorpion is almost dead.
You feel sick. The scorpion misses you. The scorpion stings you!
* * * LOW HITPOINT WARNING * * *
You hit the scorpion.
The scorpion is almost dead.
You feel sick.
You are no longer poisoned.
The scorpion stings you!
You die...

##################
#<..P#.....#.$@$$#
#PP..'.....'.#s[.+
#PPPP#.....#.#"..#
###############+##


You could see a scorpion.

Vanquished Creatures
  An oklob sapling (D)
  A river rat (D)
  A rat (D)
3 creatures vanquished.

Notes
Turn   | Place    | Note
-------+----------+-------------------------------------------
     0 | D        | BigDaddyOpFi the Hill Orc Berserker began the quest for the
                  | Orb.
     0 | D        | Reached XP level 1. HP: 19/19 MP: 1/1
    13 | D        | Reached XP level 2. HP: 28/28 MP: 2/2
   187 | D        | Noticed an oklob sapling
   190 | D        | Killed an oklob sapling
   190 | D        | Reached ** piety under Trog
   191 | D        | Reached skill level 5 in Fighting
   191 | D        | Reached skill level 5 in Axes
   191 | D        | Reached XP level 3. HP: 36/36 MP: 3/3
   221 | D        | Noticed a scorpion
   221 | D        | Found the amulet of invisibility {+Inv}
   235 | D        | Slain by a scorpion

Illustrated notes

Levels and vault maps discovered:
D:        dungeon_sprint_fedhas [sprint_temple]

Skill      XL: |  1  2 |
---------------+-------+-----
Fighting       | 4 5 |  5.2
Armour         | 3 4 |  4.0
Dodging        | 2 3 |  3.0
Axes           | 5 |  5.7

Action                     || total
---------------------------++-------
  Melee: Hand axe          ||    17
 Invoke: Berserk           ||     2
         Trog's Hand       ||     1
    Use: Potion            ||     2
 Armour: Animal skin       ||     5
  Dodge: Dodged            ||    10

Table legend: (Time is in decaauts)
 A = Elapsed time spent in this place.
 B = Non-inter-level travel time spent in this place.
 C = Inter-level travel time spent in this place.
 D = Time resting spent in this place.
 E = Time spent auto-exploring this place.
 F = Levels seen in this place.
 G = Mean time per level.
                   A        B        C        D        E       F      G
               +--------+--------+--------+--------+--------+-----+--------+
         Total |    258 |    258 |      0 |    221 |      0 |   1 |  258.0 |
       Dungeon |    258 |    258 |      0 |    221 |      0 |   1 |  258.0 |
               +--------+--------+--------+--------+--------+-----+--------+

Top non-repeatable levels by time:
       D: 258 daAuts
